 Dungeon Crawl Stone Soup version 0.28.0-47-ge53b351184 (webtiles) character file.

Game seed: 1216764066402764020

21 Kaptain the Digger (level 2, 0/16 HPs)
             Began as a Gargoyle Earth Elementalist on May 4, 2022.
             Slain by an adder (2 damage)
             ... on level 2 of the Dungeon.
             The game lasted 00:01:58 (762 turns).

Kaptain the Digger (Gargoyle Earth Elementalist)     Turns: 762, Time: 00:01:58

Health: 0/16       AC:  4    Str: 11    XL:     2   Next: 87%
Magic:  0/5        EV: 12    Int: 15    God:
Gold:   29         SH:  0    Dex: 10    Spells: 4/5 levels left

rFire   . . .      SeeInvis .   e - +0 hand axe
rCold   . . .      Faith    .   (no shield)
rNeg    + . .      Spirit   .   b - +0 robe
rPois   ∞          Reflect  .   (no helmet)
rElec   +          Harm     .   (no cloak)
rCorr   .          Rampage  .   (no gloves)
Will    .....                   (no boots)
Stlth   ++........              (no amulet)
HPRegen 0.05/turn               (no ring)
MPRegen 0.09/turn               (no ring)

@: very slightly contaminated
A: sickness immunity, AC +2, negative energy resistance 1, electricity
resistance, torment resistance 1, petrification resistance
a: no special abilities


You were on level 2 of the Dungeon.
You visited 1 branch of the dungeon, and saw 2 of its levels.

You collected 29 gold pieces.

Inventory:

Hand Weapons
 a - a +0 hunting sling
 e - a +0 hand axe (weapon)
 i - a +0 trident
Missiles
 c - 103 stones (quivered)
Armour
 b - a +0 robe (worn)
Jewellery
 f - an amulet of the acrobat
Scrolls
 d - a scroll of identify {unknown}
 h - a scroll of immolation {unknown}
 j - a scroll of magic mapping {unknown}
Potions
 g - a potion of attraction {unknown}
 k - a potion of haste {unknown}
 l - a potion of might {unknown}


   Skills:
 * Level 1.0 Fighting
 + Level 0.4 Armour
 + Level 1.7 Dodging
 - Level 2.1 Stealth
 * Level 2.2 Spellcasting
 * Level 0.9 Conjurations
 - Level 0.7 Transmutations
 * Level 3.9 Earth Magic


You had 4 spell levels left.
You knew the following spells:

 Your Spells              Type           Power      Damage    Failure   Level
a - Sandblast             Erth           26%        2d8       4%          1

Your spell library contained the following spells:

 Spells                   Type           Power      Damage    Failure   Level
 Passwall                 Tmut/Erth      6%         N/A       13%         2
 Stone Arrow              Conj/Erth      18%        3d8       24%         3
 Mephitic Cloud           Conj/Pois/Air  2%         N/A       50%         3
 Ignite Poison            Fire/Tmut/Pois 2%         N/A       52%         3
 Petrify                  Tmut/Erth      8%         N/A       63%         4
 Freezing Cloud           Conj/Ice/Air   1%         6-21      99%         5


Dungeon Overview and Level Annotations

Branches:
Dungeon (2/15)

Altars:


Innate Abilities, Weirdness & Mutations

You are immune to sickness and miasma.
Your stone body is resilient. (AC +2)
You are immune to poison.
You resist negative energy. (rN+)
You are resistant to electric shocks. (rElec)
You are resistant to unholy torment.
You are immune to petrification.


Message History

Confirm with . or Enter, or press ? or * to list all spells.
You don't have enough magic to cast this spell.
Unknown command.
e - a +0 hand axe (weapon)
The adder barely misses you.
Unknown command.
You barely miss the adder. The adder barely misses you.
The adder completely misses you.
You miss the adder. The adder bites you but does no damage.
You closely miss the adder. The adder misses you. The adder bites you.
You miss the adder. The adder bites you.
You hit the adder but do no damage. The adder bites you but does no damage.
The adder closely misses you.
You barely miss the adder. The adder bites you but does no damage.
The adder bites you.
Casting: Sandblast (safe; 4% risk of failure)
Confirm with . or Enter, or press ? or * to list all spells.
Aiming: Sandblast (safe; 4% risk of failure)
Press: ? - help, Shift-Dir - straight line, f - adder
Aim: an adder (66% to hit)
You miscast Sandblast.
You are very lightly contaminated with residual magic.
Nothing appears to happen.
The adder barely misses you.
Unknown command.
Unknown command.
You hit the adder.
The adder is heavily wounded.
The adder barely misses you. The adder bites you.
You hit the adder. Your punch misses the adder.
The adder is severely wounded.
The adder bites you.
You miss the adder.
The adder is severely wounded.
The adder bites you.
* * * LOW HITPOINT WARNING * * *
The adder closely misses you.
You hit the adder.
The adder is almost dead.
The adder barely misses you. The adder bites you.
You die...

### #.. #.###
#... #..#
###..# #..@.#
#>..S....>..#
#.#....##...#
......... ..#
# ......... .
#...........
#.#.#..(##.#.
#?#.#...#
###.


You could see an adder.

Vanquished Creatures
  A worm (D:2)
  A bat (D:1)
  2 endoplasms
  2 giant cockroaches (D:1)
  3 hobgoblins (D:1)
  2 quokkas
  A ball python (D:1)
  2 frilled lizards (D:1)
  3 rats (D:1)
17 creatures vanquished.

Notes
Turn   | Place    | Note
-------+----------+-------------------------------------------
     0 | D:1      | Kaptain the Gargoyle Earth Elementalist began the quest for
                  | the Orb.
     0 | D:1      | Reached XP level 1. HP: 10/10 MP: 3/3
   287 | D:1      | Reached XP level 2. HP: 16/16 MP: 3/5
   749 | D:2      | Reached skill level 1 in Fighting
   762 | D:2      | Slain by an adder

Illustrated notes

Levels and vault maps discovered:
D:1:      dpeg_arrival_lava_temple_mockup, layout_loops_cross
D:2:      layout_loops_ring

Skill      XL: |  1  2 |
---------------+-------+-----
Fighting       | 1 |  1.0
Armour         | |  0.4
Dodging        | |  1.7
Stealth        | |  2.1
Spellcasting   | |  2.2
Conjurations   | |  0.9
Transmutations | |  0.7
Earth Magic    | |  3.9

Action                   || total
-------------------------++-------
Melee: Hand axe          ||    10
 Fire: Hunting sling     ||    25
Throw: Stone             ||     1
 Cast: Sandblast         ||     7
Armor: Robe              ||     6
Dodge: Dodged            ||    10
